 Dungeon Crawl Stone Soup version 0.29.1-2-gbd0b4ee654 (webtiles) character file.

Game seed: 2986587379239250514

67 xian the Trooper (level 3, -12/29 HPs)
             Began as a Demonspawn Abyssal Knight on Nov 18, 2022.
             Was a Believer of Lugonu.
             Mangled by Sigmund
             ... wielding a +0 scythe
              (13 damage)
             ... on level 3 of the Dungeon.
             The game lasted 00:03:50 (2666 turns).

xian the Trooper (Demonspawn Abyssal Knight)        Turns: 2666, Time: 00:03:51

Health: -12/29     AC:  4    Str: 15    XL:     3   Next: 98%
Magic:  5/5        EV: 11    Int: 11    God:    Lugonu [**....]
Gold:   124        SH:  0    Dex: 13    Spells: 2/2 levels left

rFire   . . .      SeeInvis .   a - +1 short sword
rCold   . . .      Faith    .   (no shield)
rNeg    . . .      Spirit   .   b - +0 leather armour
rPois   .          Reflect  .   (no helmet)
rElec   .          Harm     .   j - +0 cloak
rCorr   .          Rampage  .   (no gloves)
Will    .....                   (no boots)
Stlth   +.........              (no amulet)
HPRegen 0.09/turn               (no ring)
MPRegen 0.09/turn               (no ring)

@: lethally poisoned (-12 -> -13), attractive
A: demonic touch 1
a: Renounce Religion, Depart the Abyss, Bend Space


You were on level 3 of the Dungeon.
You worshipped Lugonu.
Lugonu was pleased with you.
You visited 1 branch of the dungeon, and saw 4 of its levels.
You visited the Abyss 1 time.

You collected 124 gold pieces.

Inventory:

Hand Weapons
 a - a +1 short sword (weapon)
Missiles
 d - 8 poisoned darts
 i - 2 throwing nets
Armour
 b - a +0 leather armour (worn)
 j - a +0 cloak (worn)
Scrolls
 c - a scroll of vulnerability {unknown}
 f - 4 scrolls of identify {unknown}
 h - 2 scrolls of summoning {unknown}
Potions
 e - a potion of berserk rage {unknown}
 g - a potion of attraction


   Skills:
 + Level 3.5 Fighting
 + Level 2.1 Short Blades
 + Level 2.4 Armour
 + Level 1.4 Dodging
 + Level 0.1 Stealth
 * Level 3.4 Invocations


You had 2 spell levels left.
You didn't know any spells.
Your spell library was empty.

Dungeon Overview and Level Annotations

Branches:
Dungeon (4/15)
 Temple: D:4-7

Altars:
Cheibriados
Vehumet

Annotations:
D:3 Sigmund


Innate Abilities, Weirdness & Mutations

Your touch may inflict minor irresistible damage on your foes.


Message History

You climb downwards.
Reactivating autopickup.
Found 20 gold pieces.
Found a stone staircase leading down.
There is a stone staircase leading up here.
You climb upwards.
Level annotation: Sigmund The orc shouts!
There is a stone staircase leading down here.
Unknown command.
The adder misses you. The adder attacks as you move away! The adder bites you.
The adder misses you.
You hit the adder but do no damage. Your touch misses the adder.
The adder misses you.
You hit the adder but do no damage. Something hits you but does no damage.
Deactivating autopickup; reactivate with Ctrl-A.
The adder bites you.
You are poisoned.
The adder poisons you!
You closely miss the adder.
You feel sick. The adder completely misses you. Something hits you.
The adder closely misses you.
Unknown command.
You barely miss the adder.
You feel sick. The adder bites you.
Unknown command.
You completely miss the adder.
You feel sick. Something hits you but does no damage.
The adder bites you but does no damage.
You hit the adder.
The adder is lightly wounded.
You feel sick. The adder closely misses you. Something hits you!
* * * LOW HITPOINT WARNING * * *
Unknown command.
You miss the adder.
The adder is lightly wounded.
* * * LOW HITPOINT WARNING * * *
You feel sick. The adder completely misses you. The adder misses you.
Unknown command.
It was a potion of attraction.
You feel attractive to monsters.
* * * LOW HITPOINT WARNING * * *
You feel sick. Something hits you!
You die...

#.# #.# #.. ###### #.#
.....# #.# ####.#######
#.#
####.#.....#####.###+####
...#.'.....'...#@#......#
...#.#.....###.#S#......#
...#.#.....# #.#.#......#
...#.#.....###.#o#......#.
................>'..o.....
'#...#.#######.#.#......._
.#.#.....# #.#.#........
.#.###...#####.#.#........
.........'..##.#.######...


You could see an adder and an orc.

Vanquished Creatures
  2 adders
  5 dart slugs
  5 bats
  2 endoplasms (D:1)
  A giant cockroach (D:1)
  2 goblins (D:2)
  5 hobgoblins
  A quokka (D:2)
  2 ball pythons (D:1)
  7 frilled lizards
  4 kobolds
  4 rats
40 creatures vanquished.

Notes
Turn   | Place    | Note
-------+----------+-------------------------------------------
     0 | Abyss:1  | xian the Demonspawn Abyssal Knight began the quest for the
                  | Orb.
     0 | Abyss:1  | Reached XP level 1. HP: 18/18 MP: 2/2
     2 | Abyss:1  | Found a corrupted altar of Lugonu.
    47 | Abyss:2  | Noticed a chaos spawn
    64 | Abyss:2  | Noticed a small abomination
    66 | Abyss:2  | Noticed a red devil
    67 | D:1      | Escaped the Abyss
   197 | D:1      | Reached ** piety under Lugonu
   347 | D:1      | Gained mutation: Your touch may inflict minor irresistible
                  | damage on your foes. [demonic ancestry]
   347 | D:1      | Reached XP level 2. HP: 21/24 MP: 3/3
   464 | D:1      | Reached skill level 1 in Dodging
  1307 | D:1      | Found a faded altar of an unknown god.
  1398 | D:2      | Reached XP level 3. HP: 29/29 MP: 5/5
  2645 | D:3      | Noticed Sigmund
  2647 | D:3      | Found a radiant altar of Vehumet.
  2647 | D:3      | Found a snail-covered altar of Cheibriados.
  2652 | D:4      | Noticed a necrophage
  2666 | D:3      | HP: 1/29 [poisoned by an adder]
  2666 | D:3      | Mangled by Sigmund

Illustrated notes

Levels and vault maps discovered:
D:1:      heliophobic_arrival_enchanted_forest, layout_basic,
          hellmonk_ecumenical_altar_pennies_from_heaven, minmay_heptomino_o4
D:2:      layout_basic
D:3:      layout_basic, grunt_temple_overflow_open,
          nicolae_overflow_hidden_temple, uniq_jessica, uniq_sigmund
D:4:      layout_rooms, serial_shops, nicolae_shop_statue_plus, uniq_duvessa

Skill      XL: |  1  2  3 |
---------------+----------+-----
Dodging        | 1 |  1.4
Armour         | 2 |  2.4
Invocations    | 3 |  3.4
Short Blades   | 2 |  2.1
Fighting       | |  3.5
Stealth        | |  0.1

Action                   || total
-------------------------++-------
Melee: Short sword       ||   142
       Touch             ||    15
Invok: Depart the Abyss  ||     1
  Use: Potion            ||     1
Armor: Leather armour    ||    51
Dodge: Dodged            ||   114
